TOP OF THE 1ST |
Mississippi Braves batting - Pitching for Springfield Cardinals : LHP John Roe
|
Pitching: LHP John Roe
|
|
Batting: LHB Sal Fernandez
|
0-0: Swinging Strike 0-1: Called Strike 0-2: Foul Ball, location: 2F 0-2: Ball 1-2: Ball 2-2: Ball 3-2: Base on Balls
|
Batting: RHB Jordan Martin
|
0-0: Called Strike 0-1: Ball 1-1: Swinging Strike 1-2: Ball 2-2: Foul Ball, location: 2F 2-2: Ball 3-2: Foul Ball, location: 2F 3-2: Fielders Choice at 2nd, 3-6 (Groundball, 34, EV 90.0 MPH)
|
Batting: RHB Jose Ramos
|
0-0: Called Strike Jordan Martin steals 2nd base 0-1: Ball 1-1: Foul Ball, location: 2F 1-2: Ball 2-2: Foul Ball, location: 2F 2-2: Strikes out swinging
|
Batting: RHB Justin Reich
|
0-0: Ground out 6-3 (Groundball, 56, EV 88.1 MPH)
|
Top of the 1st over - 0 runs, 0 hits, 0 errors, 1 left on base; Mississippi 0 - Springfield 0 |
BOTTOM OF THE 1ST |
Springfield Cardinals batting - Pitching for Mississippi Braves : RHP Ryan DeMille
|
Pitching: RHP Ryan DeMille
|
|
Batting: RHB Immel Kamuzu
|
0-0: Ball 1-0: Called Strike 1-1: Foul Ball, location: 2F 1-2: Ball 2-2: Fly out, F8 (Line Drive, 8LD, EV 102.5 MPH)
|
Batting: RHB Tyler Walker
|
0-0: Foul Ball, location: 2F 0-1: Fly out, F9 (Flyball, 9, EV 81.2 MPH)
|
Batting: LHB Travis Ruppel
|
0-0: DOUBLE (Flyball, 78D, EV 94.4 MPH)
|
Batting: RHB Joe Alley
|
0-0: Ball 1-0: DOUBLE (Flyball, 89XD, EV 109.4 MPH) Travis Ruppel scores
|
Batting: RHB Davey Beeson
|
0-0: Ball 1-0: Swinging Strike 1-1: Called Strike 1-2: Foul Ball, location: 2F 1-2: Ball 2-2: Fly out, F9 (Line Drive, 89M, EV 95.0 MPH)
|
Bottom of the 1st over - 1 run, 2 hits, 0 errors, 1 left on base; Mississippi 0 - Springfield 1 |
TOP OF THE 2ND |
Mississippi Braves batting - Pitching for Springfield Cardinals : LHP John Roe
|
Batting: SHB Jose Melendez
|
0-0: Ball 1-0: Ball 2-0: Called Strike 2-1: Called Strike 2-2: Foul Ball, location: 2F 2-2: Ground out 3-1 (Groundball, 34S, EV 87.5 MPH)
|
Batting: RHB Yojiro Hayashi
|
0-0: Called Strike 0-1: Ball 1-1: Ball 2-1: Swinging Strike 2-2: Strikes out swinging
|
Batting: RHB Tim Molchan
|
0-0: Ball 1-0: DOUBLE (Flyball, 78D, EV 109.4 MPH)
|
Batting: RHB Alex Velasquez
|
0-0: Called Strike 0-1: Called Strike 0-2: Strikes out swinging
|
Top of the 2nd over - 0 runs, 1 hit, 0 errors, 1 left on base; Mississippi 0 - Springfield 1 |
BOTTOM OF THE 2ND |
Springfield Cardinals batting - Pitching for Mississippi Braves : RHP Ryan DeMille
|
Batting: RHB Josh Lyon
|
0-0: Ball 1-0: SOLO HOME RUN (Line Drive, 7LD, EV 98.1 MPH), Distance : 346 ft
|
Batting: RHB Jose Jimenez
|
0-0: Called Strike 0-1: Ball 1-1: Ball 2-1: Ball 3-1: Called Strike 3-2: Strikes out looking
|
Batting: RHB Jonathan Davis
|
0-0: DOUBLE (Line Drive, 9LD, EV 107.5 MPH)
|
Batting: RHB Edgar Landim
|
0-0: Fly out, F9 (Flyball, 9D, EV 86.2 MPH) Runner from 2nd tags up, OUT at 3rd! 9-5
|
Bottom of the 2nd over - 1 run, 2 hits, 0 errors, 0 left on base; Mississippi 0 - Springfield 2 |
TOP OF THE 3RD |
Mississippi Braves batting - Pitching for Springfield Cardinals : LHP John Roe
|
Batting: RHB Adrian Billups
|
0-0: SINGLE (Line Drive, 6D, EV 96.2 MPH)
|
Batting: LHB Sal Fernandez
|
0-0: Foul Ball, location: 2F 0-1: Ball 1-1: Foul Ball, location: 2F 1-2: Foul Ball, location: 2F 1-2: Strikes out swinging
|
Batting: RHB Jordan Martin
|
0-0: Grounds into double play, 6-4-3 (Groundball, 6, EV 87.5 MPH)
|
Top of the 3rd over - 0 runs, 1 hit, 0 errors, 0 left on base; Mississippi 0 - Springfield 2 |
BOTTOM OF THE 3RD |
Springfield Cardinals batting - Pitching for Mississippi Braves : RHP Ryan DeMille
|
Batting: RHB Immel Kamuzu
|
0-0: Ball 1-0: Ball 2-0: Ball 3-0: Called Strike 3-1: Swinging Strike 3-2: Foul Ball, location: 2F 3-2: Strikes out swinging
|
Batting: RHB Tyler Walker
|
0-0: Foul Ball, location: 2F 0-1: Fly out, F9 (Flyball, 9LS, EV 88.1 MPH)
|
Batting: LHB Travis Ruppel
|
0-0: Swinging Strike 0-1: Ground out 4-3 (Groundball, 4MS, EV 82.5 MPH)
|
Bottom of the 3rd over - 0 runs, 0 hits, 0 errors, 0 left on base; Mississippi 0 - Springfield 2 |
TOP OF THE 4TH |
Mississippi Braves batting - Pitching for Springfield Cardinals : LHP John Roe
|
Batting: RHB Jose Ramos
|
0-0: Ball 1-0: Foul Ball, location: 2F 1-1: Ground out 5-3 (Groundball, 56S, EV 68.1 MPH)
|
Batting: RHB Justin Reich
|
0-0: Ball 1-0: Called Strike 1-1: Ball 2-1: Ball 3-1: Called Strike 3-2: Foul Ball, location: 2F 3-2: Base on Balls
|
Batting: SHB Jose Melendez
|
0-0: Called Strike 0-1: Ball 1-1: DOUBLE (Line Drive, 78D, EV 108.1 MPH) Justin Reich to third
|
Batting: RHB Yojiro Hayashi
|
0-0: Foul Ball, location: 2F 0-1: Ground out 5-3 (Groundball, 5, EV 103.1 MPH)
|
Batting: RHB Tim Molchan
|
0-0: Called Strike 0-1: SINGLE (Line Drive, 4MD, EV 101.2 MPH) Justin Reich scores Jose Melendez to third Runner from 3rd tries for Home, throw by CF and OUT! 8-2
|
Top of the 4th over - 1 run, 2 hits, 0 errors, 1 left on base; Mississippi 1 - Springfield 2 |
BOTTOM OF THE 4TH |
Springfield Cardinals batting - Pitching for Mississippi Braves : RHP Ryan DeMille
|
Batting: RHB Joe Alley
|
0-0: SINGLE (Groundball, 56D, EV 109.4 MPH)
|
Batting: RHB Davey Beeson
|
0-0: Ball 1-0: Called Strike 1-1: Ball 2-1: Fly out, F7 (Flyball, 78S, EV 77.5 MPH)
|
Batting: RHB Josh Lyon
|
0-0: Ball 1-0: Called Strike 1-1: Ball 2-1: Called Strike 2-2: Ball 3-2: Strikes out swinging
|
Batting: RHB Jose Jimenez
|
0-0: Foul Ball, location: 2F 0-1: Called Strike 0-2: Foul Ball, location: 2F 0-2: Ball 1-2: Strikes out swinging
|
Bottom of the 4th over - 0 runs, 1 hit, 0 errors, 1 left on base; Mississippi 1 - Springfield 2 |
TOP OF THE 5TH |
Mississippi Braves batting - Pitching for Springfield Cardinals : LHP John Roe
|
Batting: RHB Alex Velasquez
|
0-0: Ball 1-0: Ball 2-0: Foul Ball, location: 2F 2-1: Called Strike 2-2: Strikes out swinging
|
Batting: RHB Adrian Billups
|
0-0: Foul Ball, location: 2F 0-1: Ball 1-1: Ball 2-1: Foul Ball, location: 2F 2-2: Ball 3-2: Foul Ball, location: 2F 3-2: Ground out 6-3 (Groundball, 6, EV 81.2 MPH)
|
Batting: LHB Sal Fernandez
|
0-0: Fly out, F6 (Popup, 6MS, EV 65.0 MPH)
|
Top of the 5th over - 0 runs, 0 hits, 0 errors, 0 left on base; Mississippi 1 - Springfield 2 |
BOTTOM OF THE 5TH |
Springfield Cardinals batting - Pitching for Mississippi Braves : RHP Ryan DeMille
|
Batting: RHB Jonathan Davis
|
0-0: Ball 1-0: DOUBLE (Line Drive, 7LS, EV 96.2 MPH)
|
Batting: RHB Edgar Landim
|
0-0: Called Strike 0-1: Called Strike 0-2: Ball 1-2: Foul Ball, location: 2F 1-2: Ball 2-2: Strikes out swinging
|
Batting: RHB Immel Kamuzu
|
0-0: Ball 1-0: SINGLE (Line Drive, 78S, EV 96.2 MPH) Jonathan Davis to third
|
Batting: RHB Tyler Walker
|
0-0: 3-RUN HOME RUN (Flyball, 89XD, EV 105.6 MPH), Distance : 416 ft
|
Pitching: RHP Thomas Crowner
|
|
Batting: LHB Travis Ruppel
|
0-0: Ball 1-0: Ball 2-0: Fly out, F8 (Line Drive, 8LM, EV 102.5 MPH)
|
Batting: RHB Joe Alley
|
0-0: Foul Ball, location: 2F 0-1: Ball 1-1: Ball 2-1: Foul Ball, location: 2F 2-2: Strikes out swinging
|
Bottom of the 5th over - 3 runs, 3 hits, 0 errors, 0 left on base; Mississippi 1 - Springfield 5 |
TOP OF THE 6TH |
Mississippi Braves batting - Pitching for Springfield Cardinals : LHP John Roe
|
Batting: RHB Jordan Martin
|
0-0: Ball 1-0: Ground out 5-3 (Groundball, 56, EV 81.2 MPH)
|
Batting: RHB Jose Ramos
|
0-0: Foul Ball, location: 2F 0-1: Fly out, F8 (Line Drive, 8RM, EV 88.1 MPH)
|
Batting: RHB Justin Reich
|
0-0: Ball 1-0: Called Strike 1-1: Foul Ball, location: 2F 1-2: Ball 2-2: Fly out, F8 (Flyball, 89D, EV 100.0 MPH)
|
Top of the 6th over - 0 runs, 0 hits, 0 errors, 0 left on base; Mississippi 1 - Springfield 5 |
BOTTOM OF THE 6TH |
Springfield Cardinals batting - Pitching for Mississippi Braves : RHP Thomas Crowner
|
Batting: RHB Davey Beeson
|
0-0: Ball 1-0: Ball 2-0: Called Strike 2-1: Ball 3-1: Base on Balls
|
Batting: RHB Josh Lyon
|
0-0: SINGLE (Line Drive, 34D, EV 100.0 MPH) Davey Beeson to second
|
Batting: RHB Jose Jimenez
|
0-0: Ball 1-0: Foul Ball, location: 2F 1-1: Ball 2-1: Called Strike 2-2: Foul Ball, location: 2F 2-2: Ball 3-2: Strikes out swinging
|
Batting: RHB Jonathan Davis
|
0-0: Ball 1-0: Ball 2-0: Fly out, F7 (Flyball, 7D, EV 103.1 MPH)
|
Batting: RHB Edgar Landim
|
0-0: Ball 1-0: Called Strike 1-1: Ball 2-1: Foul Ball, location: 2F 2-2: Strikes out swinging
|
Bottom of the 6th over - 0 runs, 1 hit, 0 errors, 2 left on base; Mississippi 1 - Springfield 5 |
TOP OF THE 7TH |
Mississippi Braves batting - Pitching for Springfield Cardinals : LHP John Roe
|
Batting: SHB Jose Melendez
|
0-0: Fly out, F7 (Flyball, 78M, EV 86.2 MPH)
|
Batting: RHB Yojiro Hayashi
|
0-0: Called Strike 0-1: Swinging Strike 0-2: Ball 1-2: Fly out, F8 (Flyball, 8LD, EV 101.9 MPH)
|
Batting: RHB Tim Molchan
|
0-0: Ball 1-0: Ball 2-0: Fly out, F8 (Flyball, 8LD, EV 100.0 MPH)
|
Top of the 7th over - 0 runs, 0 hits, 0 errors, 0 left on base; Mississippi 1 - Springfield 5 |
BOTTOM OF THE 7TH |
Springfield Cardinals batting - Pitching for Mississippi Braves : RHP Thomas Crowner
|
Pitching: LHP Steve Young
|
|
Batting: RHB Immel Kamuzu
|
0-0: Fly out, F9 (Flyball, 89M, EV 88.1 MPH)
|
Batting: RHB Tyler Walker
|
0-0: Called Strike 0-1: Ball 1-1: Ball 2-1: Ball 3-1: Base on Balls
|
Batting: LHB Travis Ruppel
|
0-0: Called Strike 0-1: Ball 1-1: Foul Ball, location: 2F 1-2: Foul Ball, location: 2F 1-2: Fly out, F7 (Flyball, 78D, EV 92.5 MPH)
|
Batting: RHB Joe Alley
|
0-0: Swinging Strike 0-1: Fly out, F8 (Flyball, 8RXD, EV 99.4 MPH)
|
Bottom of the 7th over - 0 runs, 0 hits, 0 errors, 1 left on base; Mississippi 1 - Springfield 5 |
TOP OF THE 8TH |
Mississippi Braves batting - Pitching for Springfield Cardinals : LHP John Roe
|
Batting: RHB Alex Velasquez
|
0-0: Ground out 6-3 (Groundball, 56, EV 86.9 MPH)
|
Batting: RHB Adrian Billups
|
0-0: Called Strike 0-1: Ball 1-1: Ball 2-1: Called Strike 2-2: Ball 3-2: Fly out, F5 (Popup, 56S, EV 75.0 MPH)
|
Batting: LHB Sal Fernandez
|
0-0: Called Strike 0-1: Called Strike 0-2: Foul Ball, location: 2F 0-2: Ground out 2-3 (Groundball, 15S, EV 64.4 MPH)
|
Top of the 8th over - 0 runs, 0 hits, 0 errors, 0 left on base; Mississippi 1 - Springfield 5 |
BOTTOM OF THE 8TH |
Springfield Cardinals batting - Pitching for Mississippi Braves : LHP Steve Young
|
Pitching: RHP Damian Molina
|
|
Batting: RHB Davey Beeson
|
0-0: Swinging Strike 0-1: Ball 1-1: Foul Ball, location: 2F 1-2: Ball 2-2: Foul Ball, location: 2F 2-2: Strikes out looking
|
Batting: RHB Josh Lyon
|
0-0: Called Strike 0-1: Swinging Strike 0-2: Foul Ball, location: 2F 0-2: Strikes out swinging
|
Batting: RHB Jose Jimenez
|
0-0: Ground out 6-3 (Groundball, 56, EV 98.8 MPH)
|
Bottom of the 8th over - 0 runs, 0 hits, 0 errors, 0 left on base; Mississippi 1 - Springfield 5 |
TOP OF THE 9TH |
Mississippi Braves batting - Pitching for Springfield Cardinals : LHP John Roe
|
Pitching: RHP Brian Sanderson
|
|
Now in LF: Austin Akers
|
|
Batting: RHB Jordan Martin
|
0-0: Swinging Strike 0-1: Ball 1-1: Foul Ball, location: 2F 1-2: Ball 2-2: Foul Ball, location: 2F 2-2: Foul Ball, location: 2F 2-2: Fly out, F7 (Flyball, 78M, EV 81.9 MPH)
|
Batting: RHB Jose Ramos
|
0-0: Reached on error, E5 (Groundball, 56, EV 87.5 MPH)
|
Batting: RHB Justin Reich
|
0-0: Ball 1-0: Called Strike 1-1: Ball 2-1: Swinging Strike 2-2: Strikes out swinging
|
Batting: SHB Jose Melendez
|
0-0: Swinging Strike 0-1: Ball 1-1: Swinging Strike 1-2: Ball 2-2: Strikes out swinging
|
Top of the 9th over - 0 runs, 0 hits, 1 error, 1 left on base; Mississippi 1 - Springfield 5 |
|